Cogmind - Beta 16.1 @@@ ROGUE MODE // 2026.04.23 @ 14:59:47 Player: KURIIRI Result: Self-destructed Performance ------------- Evolutions (4) 2000 Regions Visited (5) 1000 Robots Destroyed (19) 95 Value Destroyed (795) 795 Prototype IDs (5) 100 Alien Tech Used (0) 0 Bonus (920) 920 TOTAL SCORE: 4910 Bonus ------- Follower Combat Kills 120 Registered with UFD 300 Met Optimus in HQ 500 Cogmind --------- Core Integrity 798/850 Matter 140/300 Energy 200/200 System Corruption 5% Temperature Warning (322) Movement Hovering (50) Location -6/Factory Parts ------- > --- POWER (2) -------- Light Deuterium Engine Light Nuclear Core > --- PROPULSION (5) --- Improved Airjet Improved Gravmag System Combat Airjet Gravmag Array > --- UTILITY (6) ------ Large Storage Unit Improved Sensor Array Improved Signal Interpreter Hacking Suite System Shield > --- WEAPON (2) ------- Thermic Laser > --- INVENTORY (15) --- Nuclear Core Heavy Deuterium Engine Armored Wheel High-capacity Storage Unit Deep Structural Scanner Hardened Heavy Armor Plating Improved Medium Armor Plating Improved EM Pulse Cannon Improved EM Pulse Cannon Improved EM Pulse Cannon Improved EM Pulse Cannon Missile Launcher Multitool Peak State ------------ > --- POWER ------------ Light Deuterium Engine Light Nuclear Core > --- PROPULSION ------- Improved Airjet Improved Airjet Improved Airjet Improved Gravmag System Combat Airjet > --- UTILITY ---------- Large Storage Unit Deep Structural Scanner Improved Sensor Array Improved Signal Interpreter Improved Medium Armor Plating System Shield > --- WEAPON ----------- Plasma Rifle Improved EM Pulse Cannon > --- INVENTORY -------- Nuclear Core Heavy Deuterium Engine Armored Wheel Cryofiber Web High-capacity Storage Unit Hardened Heavy Armor Plating Improved Medium Armor Plating Improved Medium Armor Plating Hacking Suite Improved EM Pulse Cannon Improved EM Pulse Cannon Improved EM Pulse Cannon Missile Launcher Multitool [Rating: 63] Favorites ----------- Power Subdweller Power Source Engine Subdweller Power Source Power Core Light Nuclear Core Propulsion Light Treads Treads Light Treads Leg Aluminum Leg Wheel Wheel Hover Unit Improved Airjet Utility Large Storage Unit Device Subdweller Optics Storage Large Storage Unit Processor Improved Signal Interpreter Hackware System Shield Protection Improved Medium Armor Plating Weapon Subdweller Laser Energy Gun Subdweller Laser Energy Cannon Subdweller Beam Cannon Ballistic Gun Assault Rifle Launcher Missile Launcher Special Weapon Multitool Build | -11 -10 -10 -8 -8 -6 ------- Run | Yrd Mat Sub Rec Scr Fac Slots Evolved 8 | . . . . . 8 Power 1 | . . . . . 1 Propulsion 3 | . . . . . 3 Utility 4 | . . . . . 4 Weapon . | . . . . . . Parts Attached 38 | 3 1 8 1 5 20 Power 5 | . . 2 . 1 2 Engine 4 | . . 2 . 1 1 Core 1 | . . . . . 1 Reactor . | . . . . . . Propulsion 12 | 2 . 2 . 1 7 Treads 2 | 2 . . . . . Leg . | . . . . . . Wheel 4 | . . 2 . 1 1 Hover 6 | . . . . . 6 Flight . | . . . . . . Utility 12 | 1 1 1 1 1 7 Device 4 | 1 . 1 . . 2 Storage 2 | . 1 . 1 . . Processor 1 | . . . . . 1 Hackware 2 | . . . . . 2 Protection 3 | . . . . 1 2 Artifact . | . . . . . . Weapon 9 | . . 3 . 2 4 Energy Gun 4 | . . 2 . . 2 Energy Cannon 3 | . . 1 . 2 . Ballistic Gun . | . . . . . . Ballistic Cannon . | . . . . . . Launcher 1 | . . . . . 1 Special Weapon 1 | . . . . . 1 Impact Weapon . | . . . . . . Slashing Weapon . | . . . . . . Piercing Weapon . | . . . . . . Special Melee Weapon . | . . . . . . Unidentified Prototypes 3 | . . . . . 3 Corrupted Parts 1 | . . 1 . . . System Corruption 1 | . . 1 . . . Parts Lost 5 | . . 2 . . 3 Power 1 | . . 1 . . . Propulsion . | . . . . . . Utility 3 | . . 1 . . 2 Weapon 1 | . . . . . 1 Highest Loss Streak 2 | . . 1 . . 2 To Critical Strikes . | . . . . . . Average Backups 12 | 6 6 11 14 13 13 Power 1 | 1 1 . 1 1 2 Propulsion 3 | 4 4 5 5 3 . Utility 2 | . . 1 2 3 5 Weapon 4 | 1 1 3 5 4 3 Tool/Special . | . . . . . . Unused Backups 16 | . . 2 1 7 6 Power 2 | . . . . . 2 Propulsion 4 | . . . . 4 . Utility 3 | . . . 1 . 2 Weapon 7 | . . 2 . 3 2 Tool/Special . | . . . . . . Average Slot Usage (%) 88 | . 100 88 98 84 89 Engine 12 | . 14 13 14 12 8 Treads 9 | . 28 26 . . . Wheel 15 | . . 1 28 26 7 Hover 2 | . . . . . 21 Device 7 | . 14 3 14 9 9 Storage 12 | . 14 14 14 13 6 Protection 2 | . . . . 3 7 Energy Gun 9 | . 14 11 14 9 1 Energy Cannon 9 | . . 11 12 8 6 Ballistic Gun 1 | . 14 4 . . . Peak Build Rating 63 | 7 7 14 14 23 63 Average Rating 17 | 6 7 9 13 14 52 On Entrance 11 | 6 7 7 14 12 23 Avg Prop Armor Cover (%) 7 | . . 5 6 8 10 Naked Turns 108 | . . . . 108 . Heaviest Build 78 | 13 28 39 59 66 78 Greatest Support 51 | 40 40 40 30 30 51 Greatest Overweight (x) 5 | . . 3 5 5 2 Average Overweight (x) 1 | . . . 3 2 . Largest Inventory Capacity 20 | 8 15 15 20 20 20 Average Capacity 16 | 8 13 15 17 19 15 Most Carried 17 | 6 8 14 17 17 15 Average Carried 13 | 5 7 11 15 14 14 Final Capacity 20 | 8 15 15 20 20 15 Final Carried 17 | 4 8 14 17 16 14 Class Distribution -------------------- 54% | Mutant 38% | Scavenger-Mutant 3% | Skirmisher Dominant Class ---------------- Mutant | -10/Materials Mutant | -10/Subcaves Scavenger-Mutant | -8/Recycling Scavenger-Mutant | -8/Scraptown Mutant | -6/Factory Resources | -11 -10 -10 -8 -8 -6 ----------- Run | Yrd Mat Sub Rec Scr Fac Matter Collected 677 | 219 . 189 8 70 191 Remotely . | . . . . . . Salvage Created 957 | 98 . 270 253 . 336 Parts 49 | 7 . 15 17 . 10 Haulers Intercepted . | . . . . . . Recyclers Shooed . | . . . . . . Parts Field Recycled . | . . . . . . Retrieved Matter . | . . . . . . Parts Self-Destructed 19 | . . 19 . . . Prevented . | . . . . . . Parts Restored . | . . . . . . Kills | -11 -10 -10 -8 -8 -6 ------- Run | Yrd Mat Sub Rec Scr Fac Combat Hostiles Destroyed 14 | . . 5 3 . 6 Guns 3 | . . 3 . . . Cannons 6 | . . 2 3 . 1 AOE 2 | . . . . . 2 Classes Destroyed 10 | 2 . 2 1 . 5 Tunneler 1 | 1 . . . . . Recycler 2 | 1 . . 1 . . Operator 1 | . . . . . 1 Watcher 1 | . . . . . 1 Grunt 1 | . . . . . 1 Sentry 4 | . . . 3 . 1 Hunter 1 | . . . . . 1 Programmer 3 | . . . . . 3 Artisan 1 | . . 1 . . . Subdweller 5 | . . 5 . . . Best Kill Streak 3 | 2 . 1 1 . 3 Combat Bots Only 3 | . . 1 1 . 3 Max Kills in Single Turn 1 | 1 . 1 1 . 1 Gunslinging . | . . . . . . Exploded 1 | . . . . . 1 Melee . | . . . . . . Uniques/NPCs Destroyed . | . . . . . . Combat | -11 -10 -10 -8 -8 -6 -------- Run | Yrd Mat Sub Rec Scr Fac Hostile Shots Fired 145 | . . 26 4 . 115 Missed 60 | . . 7 3 . 50 Hits 85 | . . 19 1 . 65 Projectile 85 | . . 19 1 . 65 Critical Strikes 1 | . . . . . 1 Damage Taken 1479 | . . 458 22 . 999 Core 153 | . . 87 14 . 52 Absorbed by Shields . | . . . . . . Core Remaining (%) 79 | 100 . . . 59 . Volleys Fired 119 | 3 . 58 11 . 47 Largest 2 | 2 . 2 1 . 2 Hottest 138 | 70 . 80 80 . 138 Shots Fired 141 | 6 . 75 11 . 49 Gun 85 | 6 . 58 . . 21 Cannon 49 | . . 17 11 . 21 Launcher 7 | . . . . . 7 Special . | . . . . . . Kinetic 19 | 3 . 16 . . . Thermal 85 | 3 . 50 11 . 21 Explosive 7 | . . . . . 7 Electromagnetic 30 | . . 9 . . 21 Robot Hit Streak 11 | 3 . 11 8 . 9 Robot Miss Streak 3 | . . 2 2 . 3 Penetration Max . | . . . . . . Secondary Targets . | . . . . . . Shots Hit Robots 76 | 3 . 37 6 . 30 Core Hits 32 | 3 . 14 4 . 11 Critical Kills . | . . . . . . Critical Parts Destroyed . | . . . . . . Critical Strikes 2 | . . . . . 2 Burn 2 | . . . . . 2 Melee Attacks . | . . . . . . Impact . | . . . . . . Slashing . | . . . . . . Piercing . | . . . . . . Sneak Attacks . | . . . . . . Combat Hostiles . | . . . . . . Follow-up Attacks . | . . . . . . Damage Inflicted 2013 | 37 . 669 178 . 1129 Guns 806 | 37 . 370 . . 399 Cannons 929 | . . 299 161 . 469 Explosions 261 | . . . . . 261 Melee . | . . . . . . Ramming 17 | . . . 17 . . Kinetic 156 | 13 . 143 . . . Thermal 958 | 24 . 374 161 . 399 Explosive 261 | . . . . . 261 Electromagnetic 621 | . . 152 . . 469 Impact . | . . . . . . Slashing . | . . . . . . Piercing . | . . . . . . Highest Corruption 5 | . . 1 1 . 5 Average Corruption 1 | . . 1 1 . 3 Corruption Purged . | . . . . . . Corruption Blocked . | . . . . . . Effects 17 | . . 11 2 . 4 Message Errors 6 | . . 3 2 . 1 Matter Fused 5 | . . 4 . . 1 Heat Flow Errors 2 | . . 2 . . . Data Loss (minor) 1 | . . . . . 1 Misfires 1 | . . 1 . . . Alerts 1 | . . 1 . . . Weapon Failures 1 | . . . . . 1 Overload Shots . | . . . . . . Overflow Damage 54 | . . . . . 54 Projectiles 34 | . . . . . 34 Explosions 20 | . . . . . 20 Melee . | . . . . . . Knockbacks 1 | . . . 1 . . Impact 1 | . . . 1 . . Kinetic . | . . . . . . Secondary . | . . . . . . Self-Inflicted Damage 181 | . . . 8 . 173 Shots 3 | . . . . . 3 Rammed 3 | . . . 3 . . Targets Rammed 3 | . . . 3 . . Kicked . | . . . . . . Crushed . | . . . . . . Highest Temperature 345 | 27 . 170 129 . 345 Average Temperature 110 | 14 . 45 42 . 133 Received Heat Transfer 219 | . . 114 9 . 96 Effects 1 | . . . . . 1 Damage (minor) 1 | . . . . . 1 Siege Activations . | . . . . . . Martial Activations . | . . . . . . Shielding Activations . | . . . . . . Robots Disrupted 1 | . . 1 . . . Combat Hostiles 1 | . . 1 . . . Robots Corrupted 1 | . . . . . 1 Combat Hostiles 1 | . . . . . 1 Parts Fried 7 | . . 2 . . 5 Impact Corruptions . | . . . . . . Robots Melted 2 | . . . . . 2 Combat Hostiles 2 | . . . . . 2 Parts Melted 4 | . . . . . 4 Heat Transferred 1975 | 74 . 629 222 . 1050 Parts Sabotaged . | . . . . . . Parts Stolen . | . . . . . . Parts Stripped . | . . . . . . Power Chain Reactions 4 | . . . . . 4 Alert | -11 -10 -10 -8 -8 -6 ------- Run | Yrd Mat Sub Rec Scr Fac Maximum Alert Level 1 | . . . . . 1 Low Security (%) 94 | 100 100 . 100 . 87 Level 1 5 | . . . . . 12 Level 2 . | . . . . . . Level 3 . | . . . . . . Level 4 . | . . . . . . Level 5 . | . . . . . . High Security . | . . . . . . Max Security . | . . . . . . Peak Influence 238 | 10 . . 95 . 238 Initial . | . . . . . . Average 46 | 6 . . 34 . 64 Influence Increases 718 | 10 . . 262 . 446 Destroy 0b10 Robot/C 180 | . . . 60 . 120 Destroy 0b10 Robot/NC 25 | 10 . . 5 . 10 Destroy Leader 52 | . . . . . 52 Allied During Kill 2 | . . . 2 . . Successful Hack 28 | . . . 10 . 18 Select Force Hacks 230 | . . . 180 . 50 Disable Machine 75 | . . . . . 75 Destroy Structure 66 | . . . 5 . 61 Lose Combat Pursuer 60 | . . . . . 60 Influence Decreases 506 | 10 . . 255 7 234 Entered New Map 7 | . . . . 7 . Time Decay 449 | 10 . . 235 . 204 Lost Part 30 | . . . . . 30 Lost Ally 20 | . . . 20 . . Squads Dispatched 6 | . . . . . 6 Investigation 3 | . . . . . 3 Extermination 2 | . . . . . 2 Reinforcement . | . . . . . . Assault . | . . . . . . Garrison 1 | . . . . . 1 Intercept . | . . . . . . Searches Triggered . | . . . . . . Construction Impeded . | . . . . . . Haulers Reinforced . | . . . . . . Active Scanning Responses . | . . . . . . Cargo Convoy Interrupts . | . . . . . . Stealth | -11 -10 -10 -8 -8 -6 --------- Run | Yrd Mat Sub Rec Scr Fac Distress Signals 1 | . . . . . 1 Communications Jammed . | . . . . . . Distress Signals . | . . . . . . Times Spotted 30 | . . 10 2 . 18 Peak Tracking Total 5 | . . 2 1 . 5 Tactical Retreats 5 | . . 1 . . 4 Traps | -11 -10 -10 -8 -8 -6 ------- Run | Yrd Mat Sub Rec Scr Fac Traps Triggered . | . . . . . . Indirectly . | . . . . . . Trap Hack Attempts . | . . . . . . Triggered . | . . . . . . Disarmed . | . . . . . . Reprogrammed . | . . . . . . Reused . | . . . . . . Traps Extracted . | . . . . . . Installed . | . . . . . . Triggered . | . . . . . . Machines | -11 -10 -10 -8 -8 -6 ---------- Run | Yrd Mat Sub Rec Scr Fac Machines Disabled 5 | . . . . . 5 Max in Single Turn 3 | . . . . . 3 Machines Repaired 1 | . . . . . 1 Machines Dismantled . | . . . . . . Machines Sabotaged . | . . . . . . Overloaded Fab Kills 7 | . . . . . 7 Hacking | -11 -10 -10 -8 -8 -6 --------- Run | Yrd Mat Sub Rec Scr Fac Machines Accessed 24 | . . 1 10 4 9 Terminals 9 | . . . 4 . 5 Fabricators 2 | . . . . . 2 Repair Stations . | . . . . . . Recycling Units 7 | . . . 6 . 1 Scanalyzers . | . . . . . . Garrison Access 1 | . . . . . 1 Total Hacks 78 | . . 1 18 36 23 Successful 57 | . . 1 13 36 7 Failed 21 | . . . 5 . 16 Catastrophic 3 | . . . . . 3 Database Lockouts . | . . . . . . Manual 33 | . . . 16 . 17 Terminals 26 | . . . 12 . 14 Fabricators 4 | . . . . . 4 Repair Stations . | . . . . . . Recycling Units 7 | . . . 6 . 1 Scanalyzers . | . . . . . . Garrison Access 4 | . . . . . 4 Terminal Hacks 39 | . . 1 2 36 . Record 36 | . . . . 36 . Robot Analysis 1 | . . . 1 . . Prototype ID Bank 1 | . . . 1 . . Open Door 1 | . . 1 . . . Fabricator Hacks 1 | . . . . . 1 Network Status 1 | . . . . . 1 Repair Station Hacks . | . . . . . . Recycling Unit Hacks . | . . . . . . Scanalyzer . | . . . . . . Garrison Access Hacks . | . . . . . . Unauthorized Hacks 17 | . . . 11 . 6 Terminals 9 | . . . 5 . 4 Botnet 4 | . . . 2 . 2 Skim 5 | . . . 3 . 2 Fabricators 1 | . . . . . 1 Overload 1 | . . . . . 1 Repair Stations . | . . . . . . Recycling Units 7 | . . . 6 . 1 Tunnel 6 | . . . 6 . . Fedlink 1 | . . . . . 1 Scanalyzers . | . . . . . . Garrison Access . | . . . . . . Data Cores Recovered . | . . . . . . Used . | . . . . . . Hacking Detections 10 | . . . 4 . 6 Full Trace Events 2 | . . . 1 . 1 Feedback Events . | . . . . . . Feedback Blocked 1 | . . . . . 1 Robot Schematics Acquired . | . . . . . . Robots Built . | . . . . . . Authchips . | . . . . . . Time . | . . . . . . Total Robot Build Rating . | . . . . . . Part Schematics Acquired . | . . . . . . Parts Built . | . . . . . . Authchips . | . . . . . . Time . | . . . . . . Total Part Build Rating . | . . . . . . Part Studies Acquired . | . . . . . . Parts Repaired . | . . . . . . Time . | . . . . . . Parts Recycled . | . . . . . . Recycled Matter . | . . . . . . Retrieved Matter . | . . . . . . Retrieved Components . | . . . . . . Parts Scanalyzed . | . . . . . . Part Schematics Acquired . | . . . . . . Parts Damaged . | . . . . . . Bothacking | -11 -10 -10 -8 -8 -6 ------------ Run | Yrd Mat Sub Rec Scr Fac Used RIF Installer . | . . . . . . Robots Hacked . | . . . . . . Non-combat . | . . . . . . Combat . | . . . . . . Robot Hacks Applied . | . . . . . . Relay Couplers Released . | . . . . . . Fabnet Peak Effective % . | . . . . . . Robots Rewired 1 | . . 1 . . . Allies Hacked . | . . . . . . Hacks Repelled . | . . . . . . Allies | -11 -10 -10 -8 -8 -6 -------- Run | Yrd Mat Sub Rec Scr Fac Total Allies 1 | . . 1 . . . Largest Group 1 | . . 1 1 . . Highest-Rated Group 19 | . . 19 19 . . Highest-Rated Ally 19 | . . 19 19 . . Initial UFD Resources 24 | . . . . . 24 Total Orders . | . . . . . . Ally Attacks 12 | . . 10 2 . . Total Damage 247 | . . 219 28 . . Kills 4 | . . 4 . . . Allies Corrupted . | . . . . . . Allies Melted . | . . . . . . Intel | -11 -10 -10 -8 -8 -6 ------- Run | Yrd Mat Sub Rec Scr Fac Active Infowar (turns) 1714 | 10 110 502 331 . 761 Optics 448 | . . 117 331 . . Sensors 629 | . . . . . 629 Structural 571 | . . . . . 571 Seismic 505 | 10 110 385 . . . Robot Analysis Total 1 | . . . 1 . . Derelict Logs Recovered 7 | . . 3 . 4 . Drone Launches . | . . . . . . Drone Recoveries . | . . . . . . Exploration | -11 -10 -10 -8 -8 -6 ------------- Run | Yrd Mat Sub Rec Scr Fac Turns Passed 6190 | 26 110 2145 686 2458 765 Spaces Moved 4555 | 11 38 1241 503 1984 778 Core 209 | . . . . 209 . Treads 1215 | 1 38 1176 . . . Legs 10 | 10 . . . . . Wheels 2605 | . . 65 503 1775 262 Hover 516 | . . . . . 516 Flight . | . . . . . . Fastest Speed 42 | 120 160 125 107 50 42 Average Speed 124 | 123 160 158 128 121 71 Slowest Speed 240 | 160 160 240 155 155 130 Overloaded Moves . | . . . . . . Propulsion Burnouts . | . . . . . . Robots Hopped . | . . . . . . Potential Cave-ins . | . . . . . . Cave-ins Triggered . | . . . . . . Exploration Rate (%) 46 | 3 9 68 91 90 20 Regions Visited 5 Branch Regions 3 Pre-discovered Areas 13 | . . 2 6 5 . Known Exits Taken 1 | . . . . 1 . Unknown Exits Taken 4 | 1 1 1 1 . . Scrap Searched 12 | . . 6 . 6 . Spaces Dug 91 | . . 5 . . 86 Terrain Destroyed 105 | . . 8 5 . 92 Melee . | . . . . . . Projectile 13 | . . 8 5 . . AOE 92 | . . . . . 92 Terrain Rammed . | . . . . . . Walls Destroyed . | . . . . . . Machines Disabled . | . . . . . . Actions | -11 -10 -10 -8 -8 -6 --------- Run | Yrd Mat Sub Rec Scr Fac Total 4947 | 18 87 1345 529 2036 932 Wait 165 | . 46 25 8 19 67 Move 4550 | 10 37 1240 502 1983 778 Hop . | . . . . . . Pick Up 32 | . 3 6 2 16 5 Fast Attach 17 | 1 . 2 . 6 8 Attach 11 | 2 . 1 . 1 7 Detach 4 | . . . 1 . 3 Swap 16 | . 1 5 1 . 9 Drop 22 | 2 . 2 1 11 6 Fire 119 | 3 . 58 11 . 47 Melee . | . . . . . . Ram 3 | . . . 3 . . Kick . | . . . . . . Crush . | . . . . . . Escape Stasis . | . . . . . . Rewire 6 | . . 6 . . . Trap . | . . . . . . Miscellaneous 2 | . . . . . 2 Route ------- -11/Scrapyard -10/Materials -10/Subcaves (discovered 2 exits: [*Mat] / *Rec) -8/Recycling (discovered 2 exits: *Fac / *Scr) -8/Scraptown (discovered 2 exits: *Fac x2) -6/Factory (discovered 5 exits: Fac x3 / *Low x2) History --------- Turn | Location | Event 11 | -11/Scrapyard | Discovered new exit (range 3) 27 | -11/Scrapyard | Entered Materials 117 | -10/Materials | Discovered new exit (range 5) 137 | -10/Materials | Entered Subcaves 138 | -10/Subcaves | Approached by a straggling Scientist 314 | -10/Subcaves | Build established: Mutant 477 | -10/Subcaves | Learned location of Zion (-7) 1048 | -10/Subcaves | Discovered new exit (range 11) 1504 | -10/Subcaves | A swath of the cavern ceiling suddenly collapsed 1749 | -10/Subcaves | Shifting Twisted Machinery released Sub. Shrapnel Launcher 1813 | -10/Subcaves | Shifting Twisted Machinery released Flamer 2279 | -10/Subcaves | Discovered new exit (range 3) 2282 | -10/Subcaves | Entered Recycling 2282 | -8/Recycling | Accompanied by 1 ally 2467 | -8/Recycling | Build established: Scavenger-Mutant 2549 | -8/Recycling | Discovered new exit (range 21) 2940 | -8/Recycling | Scanned before Scraplab entrance 2956 | -8/Recycling | Entered Scraplab 2965 | -8/Recycling | Discovered new exit (range 3) 2968 | -8/Recycling | Entered Scraptown 2968 | -8/Scraptown | System corruption cleaned by C-Scrubber 3203 | -8/Scraptown | Visited Awakened 3233 | -8/Scraptown | Heard Great Nut preacher, LISTEN AND RECITE! 3236 | -8/Scraptown | Visited Cyclists 3248 | -8/Scraptown | Visited Junk Repository 3289 | -8/Scraptown | Visited Symbiants 3307 | -8/Scraptown | Visited Cave Peace 3317 | -8/Scraptown | Visited Shadow of the Wyrm 3573 | -8/Scraptown | Scanned Subdweller tech in exchange for log data 3577 | -8/Scraptown | Learned Factory trap positions 3578 | -8/Scraptown | Learned Factory stockpile data 3580 | -8/Scraptown | Learned location of Armory (-4) 3581 | -8/Scraptown | Learned location of Warlord (-4) 3597 | -8/Scraptown | Discovered new exit (range 13) 3722 | -8/Scraptown | Visited UFD Registry 3722 | -8/Scraptown | Registered with UFD as "Toolform" 3746 | -8/Scraptown | Visited Fellowship of the Rings 3852 | -8/Scraptown | Guru changed UFD alias to "Gaussbay" 4028 | -8/Scraptown | Visited DA-N13 Charitable Foundation 4042 | -8/Scraptown | Found DCF Scrap (30 items) 4073 | -8/Scraptown | Visited Chapter 10 4129 | -8/Scraptown | Visited Junk Repository 4169 | -8/Scraptown | Visited Cartography Club 4209 | -8/Scraptown | Visited Scrap Suit Storage 4230 | -8/Scraptown | Visited Supply Room 4304 | -8/Scraptown | Delivered Scrap Shield to a Scientist 4479 | -8/Scraptown | Visited Science Guys 4627 | -8/Scraptown | Learned location of Proximity Caves (-5) 4627 | -8/Scraptown | Learned location of Extension (-5) 4627 | -8/Scraptown | Learned 8 Materials zone layouts 4627 | -8/Scraptown | Learned 8 Factory zone layouts 4627 | -8/Scraptown | Learned 16 Research zone layouts 4627 | -8/Scraptown | Learned 4 Access zone layouts 4627 | -8/Scraptown | Learned 8 Access zone layouts 4627 | -8/Scraptown | Learned 8 Lower Caves zone layouts 4627 | -8/Scraptown | Learned 16 Lower Caves zone layouts 4627 | -8/Scraptown | Learned 8 Upper Caves zone layouts 4627 | -8/Scraptown | Learned 8 Proximity Caves zone layouts 4627 | -8/Scraptown | Learned 20 Proximity Caves zone layouts 4627 | -8/Scraptown | Learned Factory emergency access door positions 4627 | -8/Scraptown | Learned location of 2 exits from Factory 4627 | -8/Scraptown | Learned location of 1 exit from Lower Caves 4627 | -8/Scraptown | Learned location of 2 exits from Lower Caves 4627 | -8/Scraptown | Identified exit to Factory 4650 | -8/Scraptown | Found Deep Structural Scanner 4854 | -8/Scraptown | Build established: Mutant 5207 | -8/Scraptown | Entered Cyclist Reading Room 5350 | -8/Scraptown | Met Optimus 5350 | -8/Scraptown | Accepted into 0bPrime 5426 | -8/Scraptown | Entered Factory 5426 | -6/Factory | Evolved 8 slots: Power x1, Propulsion x3, Utility x4 5427 | -6/Factory | Identified exit to Factory 5428 | -6/Factory | Identified exit to Lower Caves 5430 | -6/Factory | Loaded intel: 93 trap records 5974 | -6/Factory | Loaded intel: 8 recycling unit locations 6191 | -6/Factory | Self-destructed Last Messages --------------- >>Trojan(Skim) Trojan loaded successfully. Testing... Terminal linked with 1 system. Please expand to 3 more systems! 06152_ System corrupted: Matter fused (-10). 06172_ ALERT: Potential suspicious activity detected, Programmers report to Factory Zone 9J. 06173_ K-01 Serf cleans the Matter Pump. 06176_ Connecting with Garrison Access... Feedback blocked by System Shield. 06176_ ALERT: Suspicious activity at Garrison Access F001. Dispatching Investigation squad. 06179_ K-01 Serf cleans the Matter Pump. 06184_ Y-54 Guardian emerges from the garrison. 06184_ Imp. Medium Armor Plating destroyed. 06186_ 0PETQZNNKDK/SCR1OD/,B2=ERC&NKCYJ/ 06189_ Destroyed Imp. Heat Sink. 06191_ P-60 Hacker heat damages Remote Datajack. Map ----- +----------------------------------------------------+ | ????????# # # """ "" #????????????????? | | ????????# + + """ = #????????????????? | | ????????# # # """ = #????????????????? | | ????????# # # #????????????????? | | ????????# # ##########????????????????? | | ????????# # ???????????????? | | ????????########## ^^ ???????????????? | | ?????????????????# ^ ???????????????? | | ?????????????????# ^^ ???????????????? | | ????############## ^ ???????????????? | | ????# ! # ##########????????????????? | | ????# # #?????????????????????????? | | ????# " " " " " # #?????????????????????????? | | ?????? " " " " " # #?????????????????????????? | | ???????" " " " " # #?????????????????????????? | | ???????? " " " " + #?????????????????????????? | | ???????? " " " " # #?????????????????????????? | | ???????? " " " " # k#?????????????????????????? | | ?????????" " " " # ########????+?????????????? | | ???????? " " " " # #??????????????????? | | ?????? " " " " " # #??????????????????? | | ????# + #??????????????????? | | ?????????######### """ ""#??????????????????? | | ?????????????????# """ ""#??????????????????? | | ]????????????????##### """ YG#??????????????????? | | ?????????????????????# @ p""#??????????????????? | | ?????????????????????# ""#??????????????????? | | ?????????????????????# ] #??????????????????? | | ??????????????????? #??????????????????? | | ??????????????????#######^ +??????????????????? | | ????????????????????????#^ #??????????????????? | | ????????????????????????#^ #??????????????????? | | ?????????????%??????????#^ #??????????????*???? | | ????????????????????????# ??????????????????? | | ????????????????????????# ?????????????????? | | ????????????????????????+ """ "????????????????? | | ????????????????????????# """ "????????????????? | | ????????????????????????# ""??"????????????????? | | ????????????????????????# ????????????????????? | | ????????????????????????# "????????????????????? | | ????????????????????????? ?????????????????????? | | ?????????????????????????????????????????????????? | | ?????????????????????????????????????????????????? | | ?????????^^??????????????????????????????????????? | | ??????????^??????????????????????????????????????? | | ?????????^^^??!??????????????????????????????????? | | ?????????????????????????????????????????????????? | | ?????????????????????????????????????????????????? | | ?????????????????????????????????????????????????? | | ?????????????????????????????????????????????????? | +----------------------------------------------------+ Best States ------------- Heat Dissipation 37 Energy Generation 27 Energy Capacity 350 Matter Stores 300 Matter Capacity 300 Sight Range 21 Robot Scan Range 15 Terrain Scan Density 10 Armor Coverage 825 Evasion (%) 56 Recoil Reduction 2 Offensive Hacking 10 Defensive Hacking 10 Item Schematics ----------------- None Robot Schematics ------------------ None Fabricated ------------ Nothing Repaired ---------- Nothing Studied --------- None Alien Tech Used ----------------- None Achievements -------------- None Challenges ------------ None Game ------ Seed StealthTachyonBattery Manual? 0 Play Time 00:43:22 Cumulative 426.7 hours Start 2026.04.23 @ 02:33:24 End 2026.04.23 @ 14:59:47 Sessions 5 Manual Loads 0 Difficulty Rogue Special Mode None Game No. 358 Rogue 322 Adventurer 36 Explorer 0 Win Type - Total 5 Types 2/0/0/1/0/0/0/2/0/0 Lore% 79 Gallery% 69 Achievement% 59 Wizard Run 0 Options --------- Layout 1 ASCII 0 Keyboard 0 Movement Numpad Keybinds 0 Fullscreen 1 Font 48/Smallcaps Map View 50x35 Zoom Use 0% Tactical HUD 1 Map Filters NONE Filters NONE Steam 1 RUN: 13b8aa2d-dc1c-43bd-bdf8-fabd6093f188